Map: Reclamation LE

Players

Ekelpack

  • Race: Zerg Zerg
  • Spawn Location: 6:00

Nyck

  • Race: Terran Terran
  • League: Silver
  • Spawn Location: 5:00

JohnDoe - Winner!

  • Race: Protoss Protoss
  • Spawn Location: 12:00

Slasher - Winner!

  • Race: Zerg Zerg
  • Spawn Location: 11:00

VOD

Have the link to the VOD?

Description

Time

  • Played on: Oct. 23, 2024, 3:33 p.m.
  • Length: 11:53
Show
View Real Time Build Order
Export as new Build Order

Ekelpack Zerg 

Build Orders: Hatch First 

Get SALT Encoding   

  12  0:01  Drone  
  13  0:12  Overlord  
  13  0:17  Drone  
  14  0:31  Drone  
  15  0:46  Hatchery  
  14  0:50  Drone  
  15  1:05  Spawning Pool  
  15  1:07  Drone  
  15  1:12  Drone  
  15  1:15  Extractor  
  15  1:17  Drone  
  16  1:21  Drone  
  17  1:29  Drone  
  18  1:51  Queen  
  20  1:58  Queen  
  20  2:00  Drone  
  23  2:03  Drone  
  23  2:05  Drone  
  25  2:11  Overlord  
  25  2:17  Drone  
  26  2:27  Drone  
  26  2:29  Lair  
  27  2:33  Drone  
  27  2:35  Drone  
  29  2:42  Queen  
  31  2:45  Drone  
  31  2:49  Drone  
  33  2:57  Zergling x2  
  34  3:03  Drone x2, Extractor  
  34  3:04  Overlord  
  35  3:08  Drone  
  35  3:10  Extractor  
  35  3:11  Drone  
  36  3:25  Drone x3  
  39  3:29  Spire  
  38  3:35  Drone  
  38  3:36  Drone x2  
  38  3:37  Extractor  
  38  3:38  Overlord  
  38  3:57  Zergling x12  
  38  3:58  Zergling x2  
  41  4:16  Queen  
  40  4:23  Zergling x6  
  40  4:24  Zergling x2  
  41  4:31  Zergling x2  
  35  4:44  Mutalisk x3  
  35  4:45  Mutalisk  
  41  5:03  Drone x3  
  44  5:08  Zerg Flyer Weapons Level 1  
  44  5:17  Metabolic Boost  
  44  5:21  Overlord  
  44  5:28  Overlord  
  44  5:46  Hydralisk Den  
  41  6:05  Overlord  
  41  6:18  Hydralisk x4  
  41  6:19  Hydralisk  
  41  6:20  Overlord  
  41  6:25  Drone x4  
  54  6:30  Drone x4  
  59  6:33  Drone  
  59  6:35  Grooved Spines  
  59  6:36  Overlord  
  59  6:38  Overlord  
  59  7:02  Hydralisk x5  
  67  7:25  Hydralisk x4  
  67  7:26  Hydralisk  
  77  7:31  Muscular Augments  
  63  8:01  Drone  
  63  8:02  Drone x2  
  54  8:06  Evolution Chamber  
  54  8:12  Evolution Chamber  
  52  8:19  Hydralisk x4  
  56  8:20  Hydralisk x4  
  68  8:32  Zerg Missile Weapons Level 1  
  68  8:38  Zerg Ground Armor Level 1  
  68  8:48  Queen  
  68  8:52  Hatchery  
  69  9:04  Hydralisk  
  69  9:05  Hydralisk x3  
  59  9:34  Hydralisk x6  
  59  9:35  Hydralisk x2  
  57  9:48  Hydralisk x3  
  51  10:26  Drone x3  
  54  10:32  Drone x3  
  57  10:37  Queen  
  57  10:39  Queen  
  61  10:50  Drone  
  61  10:53  Drone x2  
  61  10:56  Drone  
  65  11:02  Drone  
  66  11:22  Drone x2  
Show
View Real Time Build Order
Export as new Build Order

Nyck Terran 

Build Orders:  

Get SALT Encoding   

  12  0:00  SCV  
  13  0:12  SCV  
  14  0:17  Supply Depot  
  14  0:25  SCV  
  15  0:39  SCV  
  15  0:41  Barracks  
  16  0:48  Refinery  
  16  0:51  Refinery  
  16  0:54  SCV  
  17  1:06  SCV  
  18  1:18  SCV  
  19  1:41  Command Center  
  19  1:43  SCV  
  20  1:57  Factory  
  21  2:01  SCV  
  21  2:06  Barracks Reactor  
  21  2:19  Orbital Command  
  21  2:32  Supply Depot  
  21  2:49  SCV  
  22  2:51  Barracks Tech Lab  
  22  2:54  SCV  
  22  2:56  Hellion  
  21  3:14  Hellion  
  21  3:18  Hellion  
  24  3:21  SCV  
  24  3:23  Orbital Command  
  25  3:33  SCV  
  26  3:39  Factory, Hellion  
  28  3:46  SCV  
  27  4:19  Cyclone  
  27  4:21  Marauder  
  27  4:23  Cyclone  
  27  4:38  Cyclone  
  27  4:43  Marauder  
  31  4:57  SCV x2  
  35  5:01  Cyclone  
  37  5:10  Cyclone  
  37  5:12  SCV  
  38  5:16  SCV  
  39  5:24  SCV  
  39  5:26  Cyclone  
  39  5:28  SCV  
  43  5:29  Engineering Bay  
  43  5:33  Cyclone  
  43  5:35  Infernal Pre-Igniter  
  45  5:36  SCV  
  46  5:44  Supply Depot  
  46  5:55  Armory  
  46  6:06  SCV x2, Cyclone x2  
  46  6:09  Supply Depot  
  52  6:16  Cyclone  
  54  6:23  SCV x2  
  56  6:27  Command Center  
  56  6:30  Missile Turret  
  56  6:36  SCV x2  
  56  6:37  Missile Turret  
  56  6:38  Cyclone  
  60  6:40  Cyclone  
  60  6:43  Terran Vehicle And Ship Armor Level 1  
  62  6:48  Supply Depot, SCV x2  
  62  6:51  Cyclone  
  66  6:54  Hurricane Engines  
  66  7:00  SCV x2  
  64  7:19  Hellbat x2  
  64  7:21  SCV  
  64  7:22  SCV  
  70  7:25  Marine  
  70  7:29  Hellbat  
  73  7:40  Hellbat  
  73  7:43  Marine  
  50  8:02  Hellbat x2  
  50  8:03  Hellbat  
  56  8:06  SCV x2  
  58  8:15  Starport  
  58  8:18  SCV x2  
  58  8:19  Starport  
  60  8:23  Starport x2  
  60  8:30  SCV x2  
  62  8:38  Refinery  
  62  8:40  Refinery  
  62  8:42  SCV x2, Command Center  
  64  8:50  Barracks Tech Lab  
  64  8:54  SCV x2  
  66  8:56  Terran Vehicle And Ship Armor Level 2  
  58  9:17  Hellbat  
  58  9:18  Hellbat x2  
  50  9:38  Cyclone, Marauder  
  50  9:39  Cyclone x2  
  43  9:58  Starport Tech Lab  
  43  9:59  Starport Tech Lab x2  
  40  10:00  Starport Tech Lab  
  40  10:11  Cyclone x3  
  40  10:12  Marauder  
  48  10:21  Starport Tech Lab  
  48  10:26  SCV x2  
  50  10:35  Banshee x3  
  53  10:38  SCV x2  
  53  10:41  Concussive Shells, Marauder  
  63  10:43  Cyclone x3  
  69  10:50  Orbital Command  
  69  10:53  SCV x2  
  71  11:02  Marauder  
  73  11:05  SCV x2  
  73  11:08  Banshee  
  78  11:15  Cyclone x2  
Show
View Real Time Build Order
Export as new Build Order

JohnDoe Protoss - Winner!

Build Orders: 1 Gate Expand 

Get SALT Encoding   

  12  0:01  Probe  
  13  0:13  Probe  
  14  0:18  Pylon  
  14  0:26  Probe  
  15  0:38  Probe (Chrono Boost)  
  15  0:39  Gateway  
  16  0:44  Assimilator  
  16  0:48  Probe (Chrono Boost)  
  17  0:53  Probe (Chrono Boost)  
  18  1:05  Probe  
  19  1:22  Nexus  
  19  1:28  Pylon  
  19  1:33  Probe  
  20  1:45  Cybernetics Core  
  20  1:49  Assimilator  
  20  1:51  Probe  
  21  2:03  Probe  
  21  2:06  Pylon  
  22  2:15  Probe  
  22  2:22  Gateway  
  23  2:28  Probe  
  24  2:32  Adept  
  26  2:37  Warp Gate  
  26  2:39  Probe  
  27  2:46  Probe  
  27  2:47  Forge  
  28  2:57  Probe  
  29  3:06  Shield Battery  
  29  3:15  Adept  
  29  3:16  Adept  
  29  3:17  Probe  
  34  3:24  Pylon  
  34  3:31  Probe x2  
  34  3:32  Stargate  
  36  3:43  Probe  
  36  3:45  Adept  
  39  3:51  Photon Cannon  
  39  3:52  Probe  
  40  4:00  Stalker  
  40  4:01  Probe  
  43  4:04  Protoss Ground Weapons Level 1  
  43  4:09  Probe  
  44  4:16  Robotics Facility  
  44  4:17  Probe  
  44  4:18  Assimilator  
  44  4:23  Phoenix  
  47  4:26  Probe  
  48  4:32  Protoss Air Weapons Level 1  
  48  4:36  Gateway, Probe  
  49  4:39  Stalker  
  51  4:51  Phoenix  
  53  4:55  Probe x2  
  55  5:14  Probe x2  
  55  5:19  Stalker x2  
  61  5:26  Probe  
  62  5:31  Assimilator  
  62  6:06  Pylon  
  62  6:08  Pylon, Photon Cannon  
  62  6:11  Pylon, Photon Cannon  
  62  6:18  Pylon  
  62  6:21  Pylon  
  62  6:23  Protoss Ground Armor Level 1, Photon Cannon  
  62  6:24  Phoenix  
  62  6:25  Probe x2, Immortal  
  70  6:26  Photon Cannon  
  70  6:35  Nexus  
  70  6:37  Probe x2  
  72  6:40  Protoss Air Armor Level 1  
  72  6:49  Probe x2  
  74  7:01  Probe x2  
  76  7:04  Immortal  
  72  7:13  Probe x2  
  68  7:17  Pylon  
  68  7:20  Pylon  
  66  7:25  Probe  
  66  7:26  Stargate  
  66  7:27  Stargate  
  66  7:28  Stalker x3  
  65  7:54  Sentry  
  65  7:55  Sentry x2  
  67  8:08  Probe x2  
  67  8:12  Probe  
  70  8:20  Probe x2  
  70  8:24  Fleet Beacon, Probe  
  70  8:26  Pylon  
  73  8:28  Pylon  
  73  8:31  Gateway  
  73  8:32  Probe x2  
  75  8:35  Gateway  
  75  8:36  Shield Battery, Probe  
  75  8:37  Shield Battery, Gateway  
  75  8:39  Photon Cannon  
  75  8:41  Shield Battery  
  76  8:42  Photon Cannon  
  76  8:43  Photon Cannon  
  76  8:44  Probe x2  
  76  8:45  Assimilator  
  76  8:46  Assimilator  
  78  8:52  Immortal  
  74  10:04  Stalker  
  74  10:05  Stalker x5  
  74  10:06  Carrier x3 (Chrono Boost)  
  98  10:24  Cybernetics Core  
  98  10:31  Pylon  
  98  10:37  Probe x2  
  98  10:38  Probe  
  98  10:39  Pylon  
  98  10:40  Pylon  
  98  10:41  Zealot x2, Pylon  
  98  10:42  Zealot x4  
  113  10:43  Pylon  
  113  10:49  Probe x2  
  115  10:54  Twilight Council  
  115  10:58  Forge  
  115  10:59  Immortal  
Show
View Real Time Build Order
Export as new Build Order

Slasher Zerg - Winner!

Build Orders: Pool First, Roach Hydra 

Get SALT Encoding   

  12  0:02  Drone  
  13  0:12  Overlord  
  13  0:18  Drone  
  14  0:24  Drone, Extractor  
  15  0:35  Drone x2  
  17  0:50  Spawning Pool  
  17  0:51  Drone  
  17  0:52  Extractor  
  16  0:58  Drone  
  17  1:19  Hatchery  
  17  1:24  Drone x2  
  18  1:28  Drone  
  19  1:46  Drone, Roach Warren  
  19  1:55  Queen  
  19  1:59  Zergling x2  
  22  2:06  Overlord  
  22  2:15  Overlord  
  22  2:28  Roach  
  24  2:32  Roach  
  24  2:36  Roach  
  28  2:41  Queen  
  30  2:45  Roach  
  32  2:54  Roach  
  32  2:55  Roach  
  36  3:00  Roach  
  37  3:28  Drone x6  
  37  3:33  Drone  
  44  3:51  Overlord  
  44  3:52  Overlord x3  
  44  4:17  Drone x7  
  47  4:35  Drone  
  47  4:36  Drone x3  
  47  4:38  Metabolic Boost  
  51  4:40  Extractor, Lair  
  51  4:42  Extractor  
  51  4:43  Extractor  
  42  4:56  Drone x2  
  40  5:01  Evolution Chamber  
  40  5:02  Drone x2  
  40  5:03  Evolution Chamber  
  40  5:09  Drone x3  
  40  5:11  Drone x3  
  40  5:14  Drone  
  47  5:17  Hatchery  
  46  5:28  Zerg Missile Weapons Level 1  
  46  5:29  Zerg Ground Armor Level 1  
  46  5:39  Spore Crawler  
  46  5:40  Spore Crawler, Glial Reconstitution  
  44  5:47  Roach x6  
  56  5:51  Drone  
  57  6:12  Drone x2  
  57  6:13  Drone, Hydralisk Den  
  57  6:14  Drone  
  60  6:20  Roach  
  60  6:21  Roach x6  
  74  6:31  Spine Crawler, Queen  
  75  6:34  Drone x3  
  75  6:35  Drone  
  75  6:36  Drone  
  75  6:39  Drone  
  81  6:42  Muscular Augments  
  81  6:52  Drone  
  81  6:53  Overlord x2  
  72  7:14  Roach x10  
  90  7:27  Spine Crawler  
  90  7:28  Spore Crawler  
  88  7:31  Hydralisk  
  88  7:33  Overlord x4  
  76  7:58  Hydralisk  
  76  7:59  Hydralisk x8  
  90  8:06  Grooved Spines  
  90  8:07  Zerg Missile Weapons Level 2  
  90  8:10  Drone x3  
  93  8:18  Drone x4  
  93  8:19  Drone x3  
  100  8:32  Drone x4, Infestation Pit, Extractor  
  100  8:33  Drone x2, Extractor  
  103  8:38  Overseer x3  
  103  8:42  Roach x3  
  103  8:46  Overlord  
  103  8:47  Overlord  
  87  9:32  Roach x7  
  87  9:33  Roach x9  
  99  10:10  Hive  
  99  10:12  Roach x5  
  99  10:13  Roach x6  
  121  10:16  Lurker Den  
  120  10:42  Hydralisk  
  120  10:44  Overlord  
  120  10:45  Overlord x9  
  122  10:50  Overseer  
  122  10:51  Hatchery  
  121  11:00  Hatchery  
  120  11:09  Hydralisk x13  
Tags
 
Add a new tag
Caveats
  • Supply blocks, unpowered buildings, or Contaminate may cause inaccurate times.
  • Supply counts are checked every 10 seconds.